 Dungeon Crawl Stone Soup version 0.22.0-18-ge075c0d (webtiles) character file.

109 Lauz the Slasher (level 4, -1/61 HPs)
             Began as a Minotaur Berserker on Aug 18, 2018.
             Was a Believer of Trog.
             Slain by an orc wizard
             ... wielding a +0 whip
              (3 damage)
             ... on level 3 of the Dungeon.
             The game lasted 00:04:11 (1913 turns).

Lauz the Slasher (Minotaur Berserker)               Turns: 1913, Time: 00:04:12

Health: -1/61      AC:  2    Str: 28    XL:     4   Next: 59%
Magic:  3/3        EV: 12    Int:  4    God:    Trog [**....]
Gold:   68         SH:  0    Dex:  9    Spells: 3/3 levels left

rFire    . . .     SeeInvis .   a - +0 falchion
rCold    . . .     Gourm    .   (no shield)
rNeg     . . .     Faith    .   b - +0 animal skin
rPois    .         Spirit   .   (helmet restricted)
rElec    .         Reflect  .   (no cloak)
rCorr    .         Harm     .   (no gloves)
MR       .....                  (no boots)
Stlth    ..........             (no amulet)
HPRegen  0.20/turn              (no ring)
MPRegen  0.08/turn              (no ring)

@: berserking, very quick
A: retaliatory headbutt, horns 2
a: Berserk, Trog's Hand, Renounce Religion


You were on level 3 of the Dungeon.
You worshipped Trog.
Trog was pleased with you.
You were near starving.

You visited 1 branch of the dungeon, and saw 3 of its levels.

You collected 68 gold pieces.

Inventory:

Hand Weapons
 a - a +0 falchion (weapon)
Armour
 b - a +0 animal skin (worn)
Scrolls
 d - 4 scrolls of teleportation {unknown}
 e - a scroll of fog {unknown}
 f - a scroll of enchant weapon {unknown}
 g - 2 scrolls of identify {unknown}
 m - 3 scrolls of remove curse {unknown}
Potions
 h - a potion of agility {unknown}
 i - 2 potions of flight {unknown}
 j - a potion of brilliance {unknown}
 k - a potion of heal wounds {unknown}
 l - a potion of berserk rage {unknown}
Comestibles
 c - 5 rations


   Skills:
 + Level 4.5 Fighting
 * Level 5.9 Long Blades
 - Level 2.4 Armour
 - Level 2.1 Dodging
 + Level 0.1 Stealth


You had 3 spell levels left.
You didn't know any spells.
Your spell library was empty.

Dungeon Overview and Level Annotations

Branches:
Dungeon (3/15)

Altars:
Makhleb


Innate Abilities, Weirdness & Mutations

You reflexively headbutt those who attack you in melee.
You have a pair of horns on your head.


Message History

* * * LOW HITPOINT WARNING * * *
A red film seems to cover your vision as you go berserk!
You feel yourself moving faster!
You feel mighty!
You are near starving!
The orc wizard hits you but does no damage.
The orc hits you with a hand axe.
* * * LOW HITPOINT WARNING * * *
You closely miss the orc wizard. You headbutt the orc wizard.
The orc wizard is moderately wounded.
The orc wizard closely misses you.
You riposte.
You closely miss the orc wizard. Your headbutt misses the orc wizard.
The orc wizard is moderately wounded.
You barely miss the orc wizard. You headbutt the orc wizard!
The orc wizard is almost dead.
The orc hits you with a hand axe!
* * * LOW HITPOINT WARNING * * *
You closely miss the orc wizard.
The orc wizard is almost dead.
The orc wizard hits you with a whip.
You die...

.. ##### ... ....#
#.#########.... ....#
#.....!.o......
....##########..@)......
....'........'...o......
....##########.......###
....##....# #.†o....#
....##.##.# #.......#
..........# #.......#
#.####.#######.......#
.....<.......+.........
#.#.##.#######.......##


You could see an orc wizard and 2 orcs.

Vanquished Creatures
  Terence (D:2)
  3 adders (D:2)
  A worm (D:2)
  A dart slug (D:3)
  2 leopard geckos
  An orc (D:3)
  A ball python (D:2)
  8 bats
  5 giant cockroaches
  8 goblins
  5 hobgoblins
  A frilled lizard (D:1)
  9 kobolds
  4 rats (D:1)
50 creatures vanquished.

Notes
Turn   | Place    | Note
-------+----------+-------------------------------------------
     0 | D:1      | Lauz the Minotaur Berserker began the quest for the Orb.
     0 | D:1      | Reached XP level 1. HP: 19/19 MP: 0/0
   294 | D:1      | Reached skill level 4 in Long Blades
   328 | D:1      | Reached XP level 2. HP: 27/27 MP: 1/1
   736 | D:1      | Reached XP level 3. HP: 31/33 MP: 2/2
   859 | D:1      | Reached ** piety under Trog
   952 | D:2      | Noticed Terence
   963 | D:2      | Killed Terence
   963 | D:2      | Reached skill level 5 in Long Blades
  1218 | D:2      | Reached XP level 4. HP: 40/41 MP: 3/3
  1235 | D:2      | Found a burning altar of Makhleb.
  1912 | D:3      | HP: 2/61 [orc/hand axe (7)]
  1913 | D:3      | Slain by an orc wizard

Skill      XL: |  1  2  3 |
---------------+----------+-----
Long Blades    | 4 5 |  5.9
Fighting       | 4 |  4.5
Armour         | |  2.4
Dodging        | |  2.1
Stealth        | |  0.1

Action                   |  1- 3 |  4- 6 || total
-------------------------+-------+-------++-------
Melee: Falchion          |    75 |    34 ||   109
       Headbutt          |     9 |     7 ||    16
Invok: Berserk           |       |     1 ||     1
  Eat: Chunk             |       |     2 ||     2
Armor: Animal skin       |    12 |     9 ||    21
Dodge: Dodged            |    51 |    23 ||    74
       Rpst.: Falchion   |    12 |     5 ||    17
